3L
SEATTLE AVIATORS @ LONE STAR BC
08/19/2019
 
TOP OF THE 1ST
Seattle Aviators batting - Pitching for Lone Star BC : RHP Cisco Cruz
Pitching: RHP Cisco Cruz
Batting: LHB Phil Parkinson 0-0: Called Strike
0-1: Ball
1-1: Ball
2-1: Bunt missed!
2-2: DOUBLE (Line Drive, 3D)
Batting: RHB José Lozano 0-0: 2-RUN HOME RUN (Flyball, 7LD), Distance : 327 ft
Batting: RHB John MacGregor 0-0: Ball
1-0: Called Strike
1-1: Ball
2-1: Foul Ball, location: 2F
2-2: Ball
3-2: Ground out U3 (Groundball, 3)
Batting: LHB Michael Greene 0-0: Called Strike
0-1: Fly out, F9 (Flyball, 89M)
Batting: RHB Lane Rich 0-0: Ball
1-0: Fly out, F9 (Flyball, 9M)
Top of the 1st over - 2 run(s), 2 hit(s), 0 error(s), 0 left on base; Seattle 2 - Lone Star 0
BOTTOM OF THE 1ST
Lone Star BC batting - Pitching for Seattle Aviators : RHP Nathaniel O'Heyne
Pitching: RHP Nathaniel O'Heyne
Batting: LHB William Wise 0-0: Ground out 5-3 (Groundball, 56S)
Batting: SHB Leonard O'Connor 0-0: Called Strike
0-1: Ball
1-1: Ball
2-1: Ball
3-1: Foul Ball, location: 2F
3-2: Foul Ball, location: 2F
3-2: Fly out, F7 (Line Drive, 7M)
Batting: RHB Luis Mendoza 0-0: Ground out 4-3 (Groundball, 4M)
Bottom of the 1st over - 0 run(s), 0 hit(s), 0 error(s), 0 left on base; Seattle 2 - Lone Star 0
TOP OF THE 2ND
Seattle Aviators batting - Pitching for Lone Star BC : RHP Cisco Cruz
Batting: LHB Salvador Vidal 0-0: Ball
1-0: Fly out, F8 (Flyball, 8RM)
Batting: SHB Dan Hunt 0-0: Swinging Strike
0-1: Foul Ball, location: 2F
0-2: Strikes out swinging
Batting: LHB Vern Forrest 0-0: Ball
1-0: Called Strike
1-1: Ball
2-1: Ball
3-1: Foul Ball, location: 2F
3-2: Foul Ball, location: 2F
3-2: Strikes out swinging
Top of the 2nd over - 0 run(s), 0 hit(s), 0 error(s), 0 left on base; Seattle 2 - Lone Star 0
BOTTOM OF THE 2ND
Lone Star BC batting - Pitching for Seattle Aviators : RHP Nathaniel O'Heyne
Batting: SHB Virgil Eberle 0-0: Called Strike
0-1: Ball
1-1: Foul Ball, location: 2F
1-2: Foul Ball, location: 2F
1-2: Strikes out looking
Batting: RHB Steve Dunn 0-0: Foul Ball, location: 2F
0-1: Fly out, F8 (Popup, 8RS)
Batting: RHB Nathan Clay 0-0: Ball
1-0: Ball
2-0: Called Strike
2-1: Swinging Strike
2-2: SINGLE (Line Drive, 9LS)
Batting: RHB Brian Williams 0-0: Called Strike
0-1: Foul Ball, location: 2F
0-2: SINGLE (Line Drive, 34D)
Nathan Clay to second
Batting: RHB Cisco Cruz 0-0: Called Strike
0-1: Swinging Strike
0-2: Ball
1-2: Ball
2-2: Ball
3-2: Strikes out looking
Bottom of the 2nd over - 0 run(s), 2 hit(s), 0 error(s), 2 left on base; Seattle 2 - Lone Star 0
TOP OF THE 3RD
Seattle Aviators batting - Pitching for Lone Star BC : RHP Cisco Cruz
Batting: RHB Nathaniel O'Heyne 0-0: Ball
1-0: Ball
2-0: Called Strike
2-1: Foul Ball, location: 2F
2-2: Foul Ball, location: 2F
2-2: Strikes out swinging
Batting: LHB Phil Parkinson 0-0: Bunted foul
0-1: Hit by Pitch
Batting: RHB José Lozano 0-0: Swinging Strike
Phil Parkinson is caught stealing 2nd base
0-1: Ball
1-1: Foul Ball, location: 2F
1-2: Ball
2-2: Foul Ball, location: 2F
2-2: Ball
3-2: Foul Ball, location: 2F
3-2: Base on Balls
Batting: RHB John MacGregor 0-0: SINGLE (Groundball, 4)
José Lozano to second
José Lozano to third
Batting: LHB Michael Greene 0-0: Ball
1-0: Ground out 3-1 (Groundball, 34)
Top of the 3rd over - 0 run(s), 1 hit(s), 0 error(s), 2 left on base; Seattle 2 - Lone Star 0
BOTTOM OF THE 3RD
Lone Star BC batting - Pitching for Seattle Aviators : RHP Nathaniel O'Heyne
Batting: RHB Soseki Matsunaga 0-0: Fly out, F8 (Flyball, 8RS)
Batting: LHB William Wise 0-0: Ball
1-0: Foul Ball, location: 2F
1-1: Called Strike
1-2: Ball
2-2: Ball
3-2: Foul Ball, location: 2F
3-2: Strikes out looking
Batting: SHB Leonard O'Connor 0-0: Ball
1-0: Foul Ball, location: 2F
1-1: Ball
2-1: Foul Ball, location: 2F
2-2: Foul Ball, location: 2F
2-2: Hit by Pitch
Batting: RHB Luis Mendoza 0-0: Called Strike
0-1: Swinging Strike
0-2: 2-RUN HOME RUN (Flyball, 7D), Distance : 363 ft
Batting: SHB Virgil Eberle 0-0: Fly out, F9 (Flyball, 89D)
Bottom of the 3rd over - 2 run(s), 1 hit(s), 0 error(s), 0 left on base; Seattle 2 - Lone Star 2
TOP OF THE 4TH
Seattle Aviators batting - Pitching for Lone Star BC : RHP Cisco Cruz
Batting: RHB Lane Rich 0-0: Swinging Strike
0-1: Called Strike
0-2: TRIPLE (Flyball, 89XD)
Batting: LHB Salvador Vidal 0-0: Fly out, F5 (Popup, 5F)
Batting: SHB Dan Hunt 0-0: Ball
1-0: Called Strike
1-1: Swinging Strike
1-2: Foul Ball, location: 2F
1-2: Strikes out swinging
Batting: LHB Vern Forrest 0-0: Intentional Walk
Batting: RHB Nathaniel O'Heyne 0-0: Ball
1-0: Foul Ball, location: 2F
1-1: Foul Ball, location: 2F
1-2: Foul Ball, location: 2F
1-2: Strikes out swinging wild pitch, reaches first!
Lane Rich scores
Vern Forrest to second
Batting: LHB Phil Parkinson 0-0: Foul Ball, location: 2F
0-1: Foul Ball, location: 2F
0-2: Ball
1-2: Foul Ball, location: 2F
1-2: Strikes out swinging
Top of the 4th over - 1 run(s), 1 hit(s), 0 error(s), 2 left on base; Seattle 3 - Lone Star 2
BOTTOM OF THE 4TH
Lone Star BC batting - Pitching for Seattle Aviators : RHP Nathaniel O'Heyne
Batting: RHB Steve Dunn 0-0: Called Strike
0-1: Ball
1-1: Ball
2-1: Called Strike
2-2: Foul Ball, location: 2F
2-2: Ball
3-2: Base on Balls
Batting: RHB Nathan Clay 0-0: Ball
1-0: Ball
2-0: Ball
3-0: Called Strike
3-1: Fielders Choice at 2nd, 4-6 (Groundball, 4)
Batting: RHB Brian Williams 0-0: Ball
1-0: Fly out, F8 (Flyball, 8RD)
Pinch Hitting: RHB Vicente Toro 0-0: Ball
1-0: Ball
2-0: Fly out, F8 (Flyball, 8LM)
Bottom of the 4th over - 0 run(s), 0 hit(s), 0 error(s), 1 left on base; Seattle 3 - Lone Star 2
TOP OF THE 5TH
Seattle Aviators batting - Pitching for Lone Star BC : RHP Cisco Cruz
Pitching: RHP Burt Booth
Batting: RHB José Lozano 0-0: Foul Ball, location: 2F
0-1: Foul Ball, location: 2F
0-2: Ball
1-2: Ball
2-2: Ball
3-2: Foul Ball, location: 2F
3-2: Strikes out looking
Batting: RHB John MacGregor 0-0: Ball
1-0: Ball
2-0: Called Strike
2-1: Foul Ball, location: 2F
2-2: Foul Ball, location: 2F
2-2: Fly out, F6 (Popup, 6M)
Batting: LHB Michael Greene 0-0: SINGLE (Line Drive, 9LS)
Batting: RHB Lane Rich 0-0: Called Strike
0-1: Swinging Strike
0-2: Foul Ball, location: 2F
0-2: Strikes out swinging
Top of the 5th over - 0 run(s), 1 hit(s), 0 error(s), 1 left on base; Seattle 3 - Lone Star 2
BOTTOM OF THE 5TH
Lone Star BC batting - Pitching for Seattle Aviators : RHP Nathaniel O'Heyne
Batting: RHB Soseki Matsunaga 0-0: Called Strike
0-1: SINGLE (Line Drive, 9S)
Batting: LHB William Wise 0-0: Called Strike
0-1: Foul Ball, location: 2F
0-2: Ball
1-2: Ball
2-2: Foul Ball, location: 2F
2-2: Hit by Pitch
Soseki Matsunaga to second
Batting: SHB Leonard O'Connor 0-0: Grounds out, U3 (Groundball, 3L)
Soseki Matsunaga to third
Batting: RHB Luis Mendoza 0-0: Foul Ball, location: 2F
0-1: Foul Ball, location: 2F
0-2: Ball
1-2: Strikes out swinging
Batting: SHB Virgil Eberle 0-0: Ball
1-0: Called Strike
1-1: Fly out, F8 (Flyball, 8LM)
Bottom of the 5th over - 0 run(s), 1 hit(s), 0 error(s), 2 left on base; Seattle 3 - Lone Star 2
TOP OF THE 6TH
Seattle Aviators batting - Pitching for Lone Star BC : RHP Burt Booth
Batting: LHB Salvador Vidal 0-0: Foul Ball, location: 2F
0-1: Ball
1-1: Ball
2-1: Swinging Strike
2-2: Ball
3-2: Strikes out swinging
Batting: SHB Dan Hunt 0-0: Called Strike
0-1: Ball
1-1: Swinging Strike
1-2: Strikes out swinging
Batting: LHB Vern Forrest 0-0: Foul Ball, location: 2F
0-1: Foul Ball, location: 2F
0-2: Ball
1-2: Ball
2-2: Ground out 4-3 (Groundball, 4)
Top of the 6th over - 0 run(s), 0 hit(s), 0 error(s), 0 left on base; Seattle 3 - Lone Star 2
BOTTOM OF THE 6TH
Lone Star BC batting - Pitching for Seattle Aviators : RHP Nathaniel O'Heyne
Batting: RHB Steve Dunn 0-0: Ball
1-0: Ground out 6-3 (Groundball, 6)
Batting: RHB Nathan Clay 0-0: Ball
1-0: Foul Ball, location: 2F
1-1: Called Strike
1-2: Fly out, F7 (Flyball, 7LM)
Batting: RHB Brian Williams 0-0: Ball
1-0: Fly out, F9 (Popup, 9LS)
Bottom of the 6th over - 0 run(s), 0 hit(s), 0 error(s), 0 left on base; Seattle 3 - Lone Star 2
TOP OF THE 7TH
Seattle Aviators batting - Pitching for Lone Star BC : RHP Burt Booth
Pitching: RHP Esteban Arroyo
Now at SS: Gregory Johnson
Batting: RHB Nathaniel O'Heyne 0-0: Ball
1-0: Called Strike
1-1: Fly out, F9 (Flyball, 9LM)
Pitching: LHP Katai Ichikawa
Batting: LHB Phil Parkinson 0-0: Ball
1-0: Ball
2-0: Fly out, F6 (Line Drive, 6M)
Pitching: RHP Ramón Aguilera
Batting: RHB José Lozano 0-0: Ball
1-0: Called Strike
1-1: Called Strike
1-2: Strikes out swinging
Top of the 7th over - 0 run(s), 0 hit(s), 0 error(s), 0 left on base; Seattle 3 - Lone Star 2
BOTTOM OF THE 7TH
Lone Star BC batting - Pitching for Seattle Aviators : RHP Nathaniel O'Heyne
Batting: LHB Gregory Johnson 0-0: Called Strike
0-1: Foul Ball, location: 2F
0-2: Foul Ball, location: 2F
0-2: Ball
1-2: Ball
2-2: Ball
3-2: SINGLE (Groundball, 34D)
Pinch Hitting: LHB Ray Merrill 0-0: Called Strike
0-1: Ball
1-1: Called Strike
1-2: Foul Ball, location: 2F
1-2: SINGLE (Groundball, 4MD)
Gregory Johnson to second
Runner from 2nd tries for 3rd, SAFE, throw made to third
Batting: LHB William Wise 0-0: Called Strike
0-1: Ball
1-1: Ball
2-1: Foul Ball, location: 2F
2-2: Fly out, F8 (Flyball, 8RM)
Runner from 3rd tags up, SCORES, no throw
Batting: SHB Leonard O'Connor 0-0: Called Strike
Ray Merrill steals 2nd base
0-1: Ball
1-1: Intentional Walk
Batting: RHB Luis Mendoza 0-0: Ball
1-0: Swinging Strike
1-1: Ball
2-1: Called Strike
2-2: Ball
3-2: Base on Balls
Ray Merrill to third
Leonard O'Connor to second
Batting: SHB Virgil Eberle 0-0: SINGLE (Flyball, 78S)
Ray Merrill scores
Leonard O'Connor to third
Luis Mendoza to second
Runner from 3rd tries for Home, SAFE, throw made home
Luis Mendoza to third
Virgil Eberle to second
Pitching: RHP Alf Näsbom
Batting: RHB Steve Dunn 0-0: Called Strike
0-1: Ball
1-1: SINGLE (Line Drive, 6M)
Luis Mendoza scores
Virgil Eberle to third
Runner from 3rd tries for Home, throw and OUT!
Pinch Hitting: RHB José Rodríguez 0-0: Ball
1-0: Ball
2-0: Foul Ball, location: 2F
2-1: Ball
3-1: Foul Ball, location: 2F
3-2: Strikes out swinging
Bottom of the 7th over - 4 run(s), 4 hit(s), 0 error(s), 1 left on base; Seattle 3 - Lone Star 6
TOP OF THE 8TH
Seattle Aviators batting - Pitching for Lone Star BC : RHP Ramón Aguilera
Pitching: RHP Denny Marshall
Now at 3B: Thomas Dunlap
Batting: RHB John MacGregor 0-0: Ball
1-0: Ball
2-0: Ground out 6-3 (Groundball, 6M)
Batting: LHB Michael Greene 0-0: Ball
1-0: Called Strike
1-1: Called Strike
1-2: Foul Ball, location: 2F
1-2: SINGLE (Groundball, 34)
Batting: RHB Lane Rich 0-0: Ball
1-0: Called Strike
1-1: Fly out, F4 (Line Drive, 4)
Batting: LHB Salvador Vidal 0-0: Swinging Strike
0-1: SINGLE (Line Drive, 89S)
Michael Greene to second
Batting: SHB Dan Hunt 0-0: Swinging Strike
0-1: Ball
1-1: Foul Ball, location: 2F
1-2: Strikes out looking
Top of the 8th over - 0 run(s), 2 hit(s), 0 error(s), 2 left on base; Seattle 3 - Lone Star 6
BOTTOM OF THE 8TH
Lone Star BC batting - Pitching for Seattle Aviators : RHP Alf Näsbom
Batting: RHB Brian Williams 0-0: Called Strike
0-1: Foul Ball, location: 2F
0-2: Ball
1-2: Ball
2-2: Ground out 5-3 (Groundball, 5)
Batting: LHB Gregory Johnson 0-0: Swinging Strike
0-1: Swinging Strike
0-2: Fly out, F7 (Popup, 6D)
Batting: RHB Thomas Dunlap 0-0: Ball
1-0: Fly out, F8 (Flyball, 8LM)
Bottom of the 8th over - 0 run(s), 0 hit(s), 0 error(s), 0 left on base; Seattle 3 - Lone Star 6
TOP OF THE 9TH
Seattle Aviators batting - Pitching for Lone Star BC : RHP Denny Marshall
Pitching: RHP Bill Schneider
Batting: LHB Vern Forrest 0-0: Ball
1-0: Ball
2-0: Ball
3-0: Base on Balls
Pinch Hitting: RHB Craig Stewart 0-0: Ball
1-0: Called Strike
1-1: SINGLE (Line Drive, 7LS)
Vern Forrest to second
Batting: LHB Phil Parkinson 0-0: Ball
1-0: SINGLE (Line Drive, 34D)
Vern Forrest to third
Craig Stewart to second
Batting: RHB José Lozano 0-0: Ball
1-0: Called Strike
1-1: Foul Ball, location: 2F
1-2: Ball
2-2: Foul Ball, location: 2F
2-2: Ball
3-2: Foul Ball, location: 2F
3-2: Base on Balls
Vern Forrest scores
Craig Stewart to third
Phil Parkinson to second
Batting: RHB John MacGregor 0-0: Called Strike
0-1: Called Strike
0-2: Ball
1-2: Ball
2-2: Strikes out swinging
Batting: LHB Michael Greene 0-0: Ball
1-0: Called Strike
1-1: Called Strike
1-2: Foul Ball, location: 2F
1-2: Foul Ball, location: 2F
1-2: Ball
2-2: Strikes out swinging
Pinch Hitting: LHB Nathan Santos 0-0: SINGLE (Line Drive, 89M)
Craig Stewart scores
Phil Parkinson to third
José Lozano to second
Runner from 3rd tries for Home, SAFE, throw made home
José Lozano to third
Nathan Santos to second
Pitching: RHP Juan Piña
Batting: LHB Salvador Vidal 0-0: Called Strike
0-1: Ball
1-1: Called Strike
1-2: Foul Ball, location: 2F
1-2: SINGLE (Flyball, 7S)
José Lozano scores
Nathan Santos to third
Runner from 3rd tries for Home, SAFE, no throw or cutoff
Batting: SHB Dan Hunt 0-0: Called Strike
0-1: Swinging Strike
0-2: Strikes out swinging
Top of the 9th over - 5 run(s), 4 hit(s), 0 error(s), 1 left on base; Seattle 8 - Lone Star 6
BOTTOM OF THE 9TH
Lone Star BC batting - Pitching for Seattle Aviators : RHP Alf Näsbom
Pitching: RHP Will Benton
Now at 1B: Vernon Caw
Now in LF: Ken Osborne
Batting: LHB William Wise 0-0: Fly out, F6 (Line Drive, 6)
Batting: SHB Leonard O'Connor 0-0: Ball
1-0: Ball
2-0: Ball
3-0: Called Strike
3-1: Foul Ball, location: 2F
3-2: Foul Ball, location: 2F
3-2: Foul Ball, location: 2F
3-2: Foul Ball, location: 2F
3-2: Base on Balls
Batting: RHB Luis Mendoza 0-0: Called Strike
0-1: Fly out, F9 (Flyball, 9D)
Runner from 1st tags up, OUT at 2nd
Bottom of the 9th over - 0 run(s), 0 hit(s), 0 error(s), 0 left on base; Seattle 8 - Lone Star 6
This league is powered by Out of the Park Baseball, the baseball management simulation game for PC, Mac and Linux
Saturday, July 25th, 2015 - OOTP Baseball 15.6 Build 34